 Dungeon Crawl Stone Soup version 0.17-a0-157-g289cc6a (webtiles) character file.

130 BluebellGnoll the Cutter (level 4, 0/34 HPs)
             Began as a Spriggan Abyssal Knight on Mar 26, 2015.
             Was a Believer of Lugonu.
             Succumbed to a gnoll's poison
             ... on level 2 of the Dungeon.
             The game lasted 00:11:17 (3175 turns).

BluebellGnoll the Cutter (Spriggan Abyssal Knight)  Turns: 3175, Time: 00:11:18

Health: 0/34       AC:  4    Str: 13    XL:     4   Next: 90%
Magic:  9/9        EV: 18    Int: 14    God:    Lugonu [**....]
Gold:   88         SH:  0    Dex: 15    Spells: 0 memorised, 3 levels left

rFire  . . .     SeeInvis +     n - +4 dagger
rCold  . . .     Clarity  .     b - +0 robe
rNeg   . . .     SustAb   .     (shield restricted)
rPois  .         Gourm    .     (helmet restricted)
rElec  .         Spirit   .     l - +1 cloak
rCorr  .         Warding  .     (gloves unavailable)
rMut   .         Stasis   .     (boots unavailable)
MR     .....                    (no amulet)
Stlth  ..........               (no ring)
                                (no ring)

@: berserking, lethally poisoned (0 -> -21), very quick, not resistant to
hostile enchantments, extremely unstealthy
A: unfitting armour, see invisible, herbivore 3, speed 3, slow metabolism 2
a: Depart the Abyss, Bend Space, Renounce Religion


You were on level 2 of the Dungeon.
You worshipped Lugonu.
Lugonu was pleased with you.
You were not hungry.

You visited 1 branch of the dungeon, and saw 2 of its levels.
You visited the Abyss 1 time.

You collected 88 gold pieces.

Inventory:

Hand weapons
 a - a +0 dagger of chaos
 n - a +4 dagger (weapon)
Missiles
 h - 53 stones (quivered)
Armour
 b - a +0 robe (worn)
 l - a +1 cloak (worn)
Magical staves
 k - an uncursed staff of poison
Scrolls
 d - 2 scrolls of fog {unknown}
 e - a scroll of identify {unknown}
 f - 2 scrolls of blinking {unknown}
 j - a scroll of magic mapping {unknown}
 m - a scroll of noise {unknown}
Potions
 g - a potion of might {unknown}
 i - a potion of beneficial mutation {unknown}
Comestibles
 c - 3 bread rations


   Skills:
 - Level 2.4 Fighting
 + Level 4.7 Short Blades
 - Level 3.5 Dodging
 - Level 4.1 Stealth
 - Level 1.7 Invocations


You had 3 spell levels left.
You didn't know any spells.

Dungeon Overview and Level Annotations

Branches:
Dungeon (2/15)

Altars:
Nemelex Xobeh
Xom


Innate Abilities, Weirdness & Mutations

You are tiny and cannot use many weapons and most armour.
You have supernaturally acute eyesight.
You are a herbivore.
You cover ground extremely quickly.
You need consume almost no food.


Message History

You feel sick.
The gnoll hits you with a dagger of chaos.
* * * LOW HITPOINT WARNING * * *
You hit the gnoll!
You kill the gnoll!
Lugonu accepts your kill.
* * * LOW HITPOINT WARNING * * *
You feel sick.
You hit the gnoll!
You kill the gnoll!
Lugonu accepts your kill.
* * * LOW HITPOINT WARNING * * *
You feel sick.
You are too berserk!
Unknown command.
Things that are here:
a dagger of chaos; a spear of chaos; a gnoll corpse
a - a dagger of chaos You feel a strong urge to attack something.
You die...

#............# #≈≈###≈## #.
#.....######## #≈g##≈≈.⌠. #.
#...........# ###..≈?≈#≈⌠. #.
#.....#####.# #g...#≈.≈### #.
#.....# #.# #.##≈..g.g._ #.
#.....# #.# #g# $.#.##≈ #.
#.....# #.# #.# #.##.⌠ #. #.....#
#.#######.# .#..#. ## #.....#
#....)@.((# ..≈## #. #...(.#
#.....)..### #≈.. ##. ###'###
#........'.## ## ##.. ...[..#
##.......##.# ##'.. ......#
#.......##.#######.#..
......######.......##.#.....#.#..
...............######.#....##.#..
.>.............# #.'..).'..#..
##..##.........# ###....######


There were no monsters in sight!

Vanquished Creatures
  2 adders (D:2)
  4 gnolls (D:2)
  4 worms (D:2)
  An ooze (D:2)
  5 giant cockroaches
  5 hobgoblins
  9 kobolds
  5 bats
  2 giant newts
  7 goblins
  A quokka (D:2)
  8 rats
53 creatures vanquished.

Vanquished Creatures (others)
  2 starspawn tentacles (Abyss:1)
2 creatures vanquished.

Grand Total: 55 creatures vanquished

Notes
Turn   | Place    | Note
--------------------------------------------------------------
     0 | Abyss:1  | BluebellGnoll, the Spriggan Abyssal Knight, began the quest for the Orb.
     0 | Abyss:1  | Reached XP level 1. HP: 11/11 MP: 2/2
    50 | Abyss:1  | Found a corrupted altar of Lugonu.
    61 | Abyss:1  | Noticed a small abomination
    71 | Abyss:1  | Noticed a tentacled starspawn
    86 | Abyss:1  | Noticed a large abomination
   110 | Abyss:1  | Noticed a hell hound
   135 | Abyss:1  | Noticed a small abomination
   160 | Abyss:1  | Noticed a small abomination
   202 | Abyss:1  | Noticed a ynoxinul
   241 | Abyss:1  | Noticed a tentacled starspawn
   256 | D:1      | Escaped the Abyss
   303 | D:1      | Reached skill level 1 in Stealth
   626 | D:1      | Reached XP level 2. HP: 16/16 MP: 4/4
   774 | D:1      | Acquired Lugonu's first power
   994 | D:1      | Reached skill level 4 in Stealth
  1358 | D:2      | Reached XP level 3. HP: 4/19 MP: 6/6
  1667 | D:2      | Found a sparkling altar of Nemelex Xobeh.
  2313 | D:2      | Acquired Lugonu's second power
  2337 | D:2      | Reached XP level 4. HP: 7/23 MP: 9/9
  3024 | D:2      | Found a shimmering altar of Xom.
  3175 | D:2      | Succumbed to a gnoll's poison

Action                   |  1- 3 |  4- 6 || total
-------------------------+-------+-------++-------
Melee: Short sword       |   160 |    14 ||   174
       Dagger            |       |    16 ||    16
Throw: Stone             |    85 |    32 ||   117
Invok: Depart the Abyss  |     1 |       ||     1
 Stab: Sleeping          |     9 |     4 ||    13
